 Dungeon Sprint DCSS version 0.27-a0-1228-gfd60fd639a (webtiles) character file.

Game seed: 13835336923345510302

985 night the Grappler (level 7, -1/66 HPs)
             Began as a Troll Fighter on June 7, 2021.
             Was an Initiate of Gozag.
             Slain by a troll (7 damage)
             ... in the Dungeon (Sprint IX: "|||||||||||||||||||||||||||||").
             The game lasted 00:01:34 (154 turns).

night the Grappler (Troll Fighter)                   Turns: 154, Time: 00:01:35

Health: -1/66      AC:  7    Str: 27    XL:     7   Next: 97%
Magic:  6/6        EV: 10    Int:  7    God:    Gozag
Gold:   0          SH: 11    Dex:  9    Spells: 6/6 levels left

rFire    . . .     SeeInvis .     - Unarmed
rCold    . . .     Faith    .   b - +0 kite shield
rNeg     . . .     Spirit   .   a - +0 robe
rPois    .         Reflect  .   (helmet restricted)
rElec    .         Harm     .   m - +0 cloak
rCorr    .         Rampage  .   (gloves unavailable)
Will     .....     NoTele   +   (boots unavailable)
Stlth    +.........             (no amulet)
HPRegen  1.21/turn              o - +2 ring of protection
MPRegen  0.10/turn              n - +3 ring of intelligence

@: gold aura, on berserk cooldown, hasted and slowed
A: large, unfitting armour, claws 3, regeneration 1, shaggy fur 1, tough skin 1
a: Renounce Religion, Potion Petition, Call Merchant, Bribe Branch


You were in the Dungeon.
You worshipped Gozag.
Gozag was noncommittal.
You visited 1 branch

Inventory:

Armour
 a - a +0 robe (worn)
 b - a +0 kite shield (worn)
 m - a +0 cloak (worn)
Jewellery
 n - a +3 ring of intelligence (right claw)
 o - a +2 ring of protection (left claw)
Wands
 l - a wand of acid (10)
Scrolls
 i - 2 scrolls of blinking
 k - 2 scrolls of amnesia
Potions
 c - a potion of might
 d - 5 potions of curing
 e - 2 potions of heal wounds
 g - 4 potions of magic
 j - a potion of invisibility


   Skills:
 - Level 2.4 Fighting
 - Level 2.4 Dodging
 + Level 8.9 Shields
 * Level 13.8 Unarmed Combat


You had 6 spell levels left.
You didn't know any spells.
Your spell library was empty.

Dungeon Overview and Level Annotations

Branches:
Dungeon (1/1)

Altars:
Cheibriados
Dithmenos
Elyvilon
Fedhas
Gozag
Hepliaklqana
Kikubaaqudgha
Makhleb
Nemelex Xobeh
Okawaru
Qazlal
Ru
Sif Muna
Trog
Uskayaw
Vehumet
Wu Jian
Xom
Yredelemnul
Zin
The Shining One
Beogh
Jiyva
Lugonu


Innate Abilities, Weirdness & Mutations

You are too large for most types of armour.
You have claws for hands.
Your natural rate of healing is unusually fast.
You are covered in fur. (AC +1)
You have tough skin. (AC +1)


Message History

The troll shouts!
You claw something! You closely miss something.
The shadow strikes at you from the darkness!
* * * LOW HITPOINT WARNING * * *
Reactivating autopickup.
You closely miss the shadow.
The shadow is heavily damaged.
You are too berserk!
You claw the shadow!
The shadow is almost destroyed.
The shadow slips into darkness.
The shadow flickers and vanishes!
Deactivating autopickup; reactivate with Ctrl-A.
You miss something.
You are no longer berserk.
You are exhausted.
You feel yourself slow down.
You claw something!
Reactivating autopickup.
You feel a bit more experienced.
The troll is no longer distracted by gold.
You feel much better. The troll closely misses you. The troll misses you.
You block the troll's attack. The troll bites you!
The troll claws you but does no damage. The troll claws you!
* * * LOW HITPOINT WARNING * * *
You feel yourself speed up. The troll bites you but does no damage.
You block the troll's attack. x2
You mangle the troll!!
The troll is heavily wounded.
The troll barely misses you. The troll claws you!
* * * LOW HITPOINT WARNING * * *
The troll barely misses you.
You completely miss the troll.
The troll is heavily wounded.
The troll closely misses you. The troll claws you!
* * * LOW HITPOINT WARNING * * *
The troll claws you!
You die...
Your body crumbles into a pile of gold.

▓.▓
$
▓)▓
$
▓.▓
$
▓.▓
▓[▓
$
▓[▓
▓.▓
$
▓.▓
$
▓@▓
$ $
▓T▓
$
▓W▓
$ $
▓T▓
$
▓.▓
$ $
▓.▓
$
▓.▓
$
▓+▓


You could see 2 trolls and a wraith.

Vanquished Creatures
  A two-headed ogre (D)
  A shadow (D)
  A yak (D)
  A scorpion (D)
  2 worms (D)
  2 orcs (D)
  2 endoplasms (D)
  A goblin (D)
  A hobgoblin (D)
  A rat (D)
13 creatures vanquished.

Notes
Turn   | Place    | Note
-------+----------+-------------------------------------------
     0 | D        | night the Troll Fighter began the quest for the Orb.
     0 | D        | Reached XP level 1. HP: 22/22 MP: 0/0
     7 | D        | Reached skill level 3 in Unarmed Combat
    19 | D        | Noticed a scorpion
    25 | D        | Reached XP level 2. HP: 29/29 MP: 1/1
    27 | D        | Reached skill level 4 in Unarmed Combat
    33 | D        | Killed a scorpion
    34 | D        | Reached skill level 6 in Unarmed Combat
    34 | D        | Reached XP level 3. HP: 18/36 MP: 2/2
    34 | D        | Reached XP level 4. HP: 22/44 MP: 3/3
    82 | D        | Found a snail-covered altar of Cheibriados.
    82 | D        | Found a shadowy altar of Dithmenos.
    82 | D        | Found a white marble altar of Elyvilon.
    82 | D        | Found a blossoming altar of Fedhas.
    82 | D        | Found an opulent altar of Gozag.
    83 | D        | Found a hazy altar of Hepliaklqana.
    84 | D        | Found a viscous altar of Jiyva.
    85 | D        | Found an ancient bone altar of Kikubaaqudgha.
    86 | D        | Found a corrupted altar of Lugonu.
    87 | D        | Found a burning altar of Makhleb.
    88 | D        | Found a sparkling altar of Nemelex Xobeh.
    89 | D        | Found an iron altar of Okawaru.
    90 | D        | Became a worshipper of Gozag Ym Sagoz the Greedy
    91 | D        | Found a stormy altar of Qazlal.
    92 | D        | Found a sacrificial altar of Ru.
    93 | D        | Found a shimmering blue altar of Sif Muna.
    94 | D        | Found a bloodstained altar of Trog.
    95 | D        | Found a hide-covered altar of Uskayaw.
    96 | D        | Found a radiant altar of Vehumet.
    97 | D        | Found an ornate altar of the Wu Jian Council.
    98 | D        | Found a shimmering altar of Xom.
    99 | D        | Found a basalt altar of Yredelemnul.
   100 | D        | Found a glowing silver altar of Zin.
   101 | D        | Found a glowing golden altar of the Shining One.
   110 | D        | Found the +10 zealot's sword {holy, *Rage rN+ EV+3}
   132 | D        | Noticed a yak
   132 | D        | Noticed a two-headed ogre
   132 | D        | Noticed a shadow
   132 | D        | Noticed a troll
   132 | D        | Noticed a wraith
   132 | D        | Noticed a troll
   137 | D        | Killed a yak
   138 | D        | Reached skill level 9 in Unarmed Combat
   138 | D        | Reached XP level 5. HP: 50/50 MP: 4/4
   143 | D        | Killed a two-headed ogre
   144 | D        | Reached skill level 13 in Unarmed Combat
   144 | D        | Reached XP level 6. HP: 32/59 MP: 5/5
   144 | D        | Reached XP level 7. HP: 36/66 MP: 6/6
   150 | D        | Killed a shadow
   154 | D        | HP: 6/66 [troll (8)]
   154 | D        | Slain by a troll

Illustrated notes

Levels and vault maps discovered:
D:        linesprint [early_d, line_temple, items_1, d_10, items_2, lair_1,
          lair_end, items_3, orc_1, orc_end, items_4, d_15, swamp_1, shoals_1,
          snake_1, spider_1, d_20, vaults_1, items_5, swamp_end, shoals_end,
          snake_end, spider_end, vaults_end, d_27, items_6, zot_1, zot_end,
          crypt_end, forest_end, elf_end, slime_end, tomb_end, abyss_end,
          pan_hell_end]

Skill      XL: |  1  2  3  4  5 |
---------------+----------------+-----
Unarmed Combat | 3 6 9 13 | 13.8
Shields        | 3 4 6 8 |  8.9
Fighting       | |  2.4
Dodging        | |  2.4

Action                   |  1- 3 |  4- 6 |  7- 9 || total
-------------------------+-------+-------+-------++-------
Melee: Unarmed           |    22 |    17 |     9 ||    48
  Use: Potion            |       |     1 |     2 ||     3
Armor: Robe              |     1 |       |     2 ||     3
Dodge: Dodged            |     5 |     1 |     5 ||    11
Block: Kite shield       |     4 |     6 |     4 ||    14

Table legend: (Time is in decaauts)
 A = Elapsed time spent in this place.
 B = Non-inter-level travel time spent in this place.
 C = Inter-level travel time spent in this place.
 D = Time resting spent in this place.
 E = Time spent auto-exploring this place.
 F = Levels seen in this place.
 G = Mean time per level.
                   A        B        C        D        E       F      G
               +--------+--------+--------+--------+--------+-----+--------+
         Total |    150 |    150 |      0 |     27 |      0 |   1 |  150.0 |
       Dungeon |    150 |    150 |      0 |     27 |      0 |   1 |  150.0 |
               +--------+--------+--------+--------+--------+-----+--------+

Top non-repeatable levels by time:
       D: 150 daAuts
